 Dungeon Crawl Stone Soup version 0.26-a0-670-g578ab304f5 (webtiles) character file.

Game seed: 3700952003584241153

290 PentaManta the Ruffian (level 6, -5/47 HPs)
             Began as a Ghoul Artificer on Oct 19, 2020.
             Slain by an ogre
             ... wielding a +0 giant club
              (18 damage)
             ... on level 4 of the Dungeon.
             The game lasted 00:08:11 (4474 turns).

PentaManta the Ruffian (Ghoul Artificer)            Turns: 4474, Time: 00:08:11

Health: -5/47      AC:  6    Str: 18    XL:     6   Next: 32%
Magic:  5/5        EV: 10    Int:  6    God:
Gold:   225        SH:  3    Dex:  9    Spells: 5/5 levels left

rFire    . . .     SeeInvis .     - Unarmed
rCold    + . .     Faith    .   i - +0 buckler (curse)
rNeg     + + +     Spirit   .   u - +0 ring mail
rPois    ∞         Reflect  .   (no helmet)
rElec    .         Harm     .   a - +0 cloak
rCorr    .         Rampage  .   (no gloves)
MR       +....                  (no boots)
Stlth    ++........             (no amulet)
HPRegen  0.00/turn              m - ring of stealth
MPRegen  0.09/turn              q - ring of protection from magic

@: no status effects
A: rotting body, claws 1, cold resistance 1, negative energy resistance 3,
inhibited regeneration, torment resistance, unbreathing
a: no special abilities


You were on level 4 of the Dungeon.
You visited 1 branch of the dungeon, and saw 5 of its levels.

You collected 225 gold pieces.

Inventory:

Armour
 a - a +0 cloak (worn)
 i - a cursed +0 buckler (worn)
 t - a +0 chain mail
 u - a +0 ring mail (worn)
Jewellery
 l - a +6 ring of intelligence
 m - a ring of stealth (left claw)
 q - a ring of protection from magic (right claw)
Wands
 b - a wand of polymorph (10)
 c - a wand of flame (15)
 d - a wand of enslavement (15)
 e - a wand of random effects (15)
 s - a wand of digging (3)
Scrolls
 f - 3 scrolls of teleportation
 h - 4 scrolls of remove curse
Potions
 j - a potion of stabbing {unknown}
 k - 2 potions of mutation {unknown}
 n - 2 potions of resistance {unknown}
 o - 2 potions of berserk rage {unknown}


   Skills:
 - Level 1.1 Fighting
 - Level 1.7 Armour
 - Level 0.8 Dodging
 - Level 1.1 Stealth
 + Level 1.8 Shields
 * Level 6.1 Unarmed Combat
 - Level 2.6 Evocations


You had 5 spell levels left.
You didn't know any spells.
Your spell library contained the following spells:

 Spells                   Type           Power        Failure   Level
 Confusing Touch          Hex            #.......     98%         3
 Gell's Gravitas          Tloc           #.........   98%         3
 Petrify                  Tmut/Erth      #.......     100%        4
 Metabolic Englaciation   Hex/Ice        #.........   100%        5
 Yara's Violent Unravell  Hex/Tmut       #.........   100%        5


Dungeon Overview and Level Annotations

Branches:
Dungeon (5/15)
 Temple: D:4-7

Altars:
Kikubaaqudgha
Trog


Innate Abilities, Weirdness & Mutations

Your body is rotting away.
You thrive by killing the living.
You are immune to poison.
You have sharp fingernails.
Your flesh is cold resistant. (rC+)
You are immune to negative energy. (rN+++)
You do not regenerate when monsters are visible.
You are immune to unholy pain and torment.
You can survive without breathing.


Message History

The worker ant is almost dead.
The worker ant barely misses you.
You closely miss the worker ant.
The worker ant is almost dead.
The orc wizard casts a spell.
The orc wizard blinks!
The worker ant closely misses you.
You claw the worker ant!
You kill the worker ant!
You scratch the ogre.
The ogre is moderately wounded.
The ogre hits you with a +0 giant club.
You barely miss the ogre.
The ogre is moderately wounded.
The ogre hits you with a +0 giant club!
* * * LOW HITPOINT WARNING * * *
The orc wizard casts a spell.
The orc wizard blinks!
You hear the rusting of a distant drain.
The ogre hits you with a +0 giant club!!
You die...

#.#######.###.#........#
#...O.....# #.#........#
#........#############.#######
#...####.....# ...............
####...# #.....# #######...####.
......o# ...##..# #...# #.
##.#.#O##....#..##########.#####.
# #.o....._........o.o.†w.......
##)#..#....##@.O.######.......
#.#..##... #.O..# #.......
#.#.....# #....# #.?.....
#.#.....####....# #.......
#.#####......(..# #.......
#...#...<.......# ###+###.
###.#........#### . #..........#
#.#######.#####..#


You could see 2 ogres, an orc wizard (fast) and an orc.

Vanquished Creatures
  A scorpion (D:3)
  Jessica (D:2)
  Ijyb (D:3)
  2 worker ants
  3 adders
  A gnoll (D:2)
  A shadow imp (D:5)
  2 oozes (D:1)
  2 worms
  4 dart slugs
  2 leopard geckos
  5 orcs
  A ball python (D:2)
  5 bats
  3 bat zombies (D:2)
  4 giant cockroaches
  6 goblins
  4 hobgoblins
  7 kobolds
  2 quokkas (D:2)
  3 frilled lizards
  7 rats
67 creatures vanquished.

Vanquished Creatures (others)
  A human (D:2)
  A fungus (D:1)
2 creatures vanquished.

Grand Total: 69 creatures vanquished

Notes
Turn   | Place    | Note
-------+----------+-------------------------------------------
     0 | D:1      | PentaManta the Ghoul Artificer began the quest for the Orb.
     0 | D:1      | Reached XP level 1. HP: 16/16 MP: 0/0
   410 | D:1      | Reached skill level 1 in Unarmed Combat
   646 | D:1      | Reached XP level 2. HP: 23/23 MP: 1/1
   666 | D:1      | Reached skill level 2 in Unarmed Combat
   801 | D:1      | Reached XP level 3. HP: 25/28 MP: 2/2
   897 | D:1      | Reached skill level 3 in Unarmed Combat
  1705 | D:2      | Noticed Jessica
  1717 | D:2      | Killed Jessica
  1717 | D:2      | Reached skill level 4 in Unarmed Combat
  1717 | D:2      | Reached XP level 4. HP: 34/35 MP: 3/3
  1781 | D:2      | Found an ancient bone altar of Kikubaaqudgha.
  2176 | D:2      | Found an ancient bone altar of Kikubaaqudgha.
  2176 | D:2      | Noticed a human
  2179 | D:2      | Killed a human
  2461 | D:3      | Reached XP level 5. HP: 36/40 MP: 4/4
  2761 | D:3      | Reached skill level 1 in Shields
  2761 | D:3      | Reached skill level 5 in Unarmed Combat
  2890 | D:3      | Noticed Ijyb
  2897 | D:3      | Killed Ijyb
  3605 | D:2      | Reached XP level 6. HP: 38/47 MP: 5/5
  3789 | D:3      | HP: 1/47 [gnoll/+1 spear of chaos (2)]
  4173 | D:4      | Found a bloodstained altar of Trog.
  4226 | D:5      | Entered Level 5 of the Dungeon
  4318 | D:5      | Reached skill level 6 in Unarmed Combat
  4474 | D:4      | Slain by an ogre

Illustrated notes

Levels and vault maps discovered:
D:1:      dpeg_cavernosity, layout_basic, nrook_campfire
D:2:      layout_basic, lemuel_zombie_altar_kikubaaqudgha,
          hangedman_decor_points, tgw_kikubaaqudgha, uniq_jessica
D:3:      layout_basic, tgw_xom, uniq_ijyb
D:4:      layout_basic, nicolae_overflow_crystal_walls, kennysheep_little_box,
          portal_sewer_entry_c, kennysheep_generic_room_11
D:5:      layout_loops_ring, nicolae_dithmenos_through_a_glass_darkly,
          kennysheep_mini, minmay_temple_entry_butterflies

Skill      XL: |  1  2  3  4  5  6 |
---------------+-------------------+-----
Unarmed Combat | 1 2 4 5 6 |  6.1
Shields        | 1 |  1.8
Fighting       | |  1.1
Armour         | |  1.7
Dodging        | |  0.8
Stealth        | |  1.1
Evocations     | |  2.6

Action                   |  1- 3 |  4- 6 || total
-------------------------+-------+-------++-------
Melee: Unarmed           |   105 |   155 ||   260
       Club              |     2 |       ||     2
       Punch             |     2 |       ||     2
Evoke: Wand              |       |     3 ||     3
  Use: Scroll            |     4 |     5 ||     9
       Potion            |     1 |     2 ||     3
 Stab: Sleeping          |     1 |     1 ||     2
Armor: Leather armour    |    25 |    26 ||    51
       Ring mail         |       |    21 ||    21
Dodge: Dodged            |    53 |    68 ||   121
Block: Buckler           |       |     9 ||     9

Table legend: (Time is in decaauts)
 A = Elapsed time spent in this place.
 B = Non-inter-level travel time spent in this place.
 C = Inter-level travel time spent in this place.
 D = Time resting spent in this place.
 E = Time spent auto-exploring this place.
 F = Levels seen in this place.
 G = Mean time per level.
                   A        B        C        D        E       F      G
               +--------+--------+--------+--------+--------+-----+--------+
         Total |   4449 |   4148 |    301 |    653 |   2763 |   5 |  889.8 |
       Dungeon |   4449 |   4148 |    301 |    653 |   2763 |   5 |  889.8 |
               +--------+--------+--------+--------+--------+-----+--------+

Top non-repeatable levels by time:
     D:1: 1728 daAuts
     D:3: 1391 daAuts
     D:2: 1030 daAuts
     D:5: 194 daAuts
     D:4: 104 daAuts
